 Dungeon Crawl Stone Soup version 0.28-a0-653-g7e9dba17c3 (webtiles) character file.

Game seed: 4975672787341522097

7203 KoroneIsBestGirl the Fighter (level 11, -19/139 HPs)
             Began as a Barachi Berserker on Oct 11, 2021.
             Was an Elder of Trog.
             Demolished by Spaninq's ghost (23 damage)
             ... on level 10 of the Dungeon.
             The game lasted 00:17:18 (17595 turns).

KoroneIsBestGirl the Fighter (Barachi Berserker)   Turns: 17595, Time: 00:17:19

Health: -19/139    AC: 14    Str: 21    XL:     11   Next: 11%
Magic:  11/11      EV: 15    Int:  9    God:    Trog [****..]
Gold:   1274       SH:  0    Dex: 11    Spells: 10/10 levels left

rFire   . . .      SeeInvis .   a - +0 falchion
rCold   . . .      Faith    .   (no shield)
rNeg    + . .      Spirit   .   E - +0 steam dragon scales
rPois   .          Reflect  .   i - +0 helmet
rElec   .          Harm     .   (no cloak)
rCorr   .          Rampage  .   h - +0 pair of gloves
Will    .....                   (no boots)
Stlth   ..........              (no amulet)
HPRegen 0.33/turn               M - +4 ring of protection
MPRegen 0.12/turn               x - ring of positive energy

@: berserking (expiring), very quick
A: amphibious, slowness 1, strong legs 1, +LOS
a: Hop, Renounce Religion, Berserk, Trog's Hand, Brothers in Arms


You were on level 10 of the Dungeon.
You worshipped Trog.
Trog was greatly pleased with you.
You visited 1 branch of the dungeon, and saw 10 of its levels.
You also visited: Sewer and Bailey.

You collected 1274 gold pieces.

Inventory:

Hand Weapons
 a - a +0 falchion (weapon)
 N - the +4 halberd of Riedwitu {vorpal, rF+ MP+9 Str+3}
   (You found it on level 8 of the Dungeon)

   It inflicts extra damage upon your enemies.
   Str:       It affects your strength (+3).
   rF:        It protects you from fire.
   MP:        It affects your magic capacity (+9).
Missiles
 l - 4 throwing nets
Armour
 b - a +0 animal skin
 h - a +0 pair of gloves (worn)
 i - a +0 helmet (worn)
 z - a +0 plate armour
 E - +0 steam dragon scales (worn)
Jewellery
 c - a ring of wizardry
 x - a ring of positive energy (right hand)
 M - a +4 ring of protection (left hand)
Wands
 D - a wand of polymorph (9)
 G - a wand of iceblast (8)
 H - a wand of digging (3)
 K - a wand of paralysis (26)
Scrolls
 k - a scroll of enchant armour
 m - a scroll of blinking
 n - 5 scrolls of noise
 p - 3 scrolls of teleportation
 w - a scroll of holy word
 y - 2 scrolls of amnesia
 B - a scroll of fear
 C - a scroll of brand weapon
 F - a scroll of immolation {unknown}
 I - 2 scrolls of fog {unknown}
 J - a scroll of torment {unknown}
 O - a scroll of enchant weapon {unknown}
 P - a scroll of identify
Potions
 d - 2 potions of might
 e - 3 potions of brilliance {unknown}
 f - a potion of flight {unknown}
 g - 4 potions of attraction {unknown}
 j - 2 potions of lignification {unknown}
 o - a potion of ambrosia {unknown}
 q - 4 potions of invisibility {unknown}
 r - 3 potions of cancellation {unknown}
 s - 5 potions of haste {unknown}
 t - 2 potions of mutation {unknown}
 u - 3 potions of heal wounds {unknown}
 v - 3 potions of degeneration {unknown}
 A - 4 potions of curing {unknown}
 L - a potion of resistance {unknown}


   Skills:
 + Level 11.3 Fighting
 + Level 11.3 Long Blades
 - Level 10.0 Armour
 + Level 8.6 Dodging


You had 10 spell levels left.
You didn't know any spells.
Your spell library contained the following spells:

 Spells                   Type           Power      Damage    Failure   Level
 Sting                    Tmut/Pois      0%         1d3       38%         1
 Summon Small Mammal      Summ           0%         N/A       38%         1
 Corpse Rot               Necr/Air       N/A        N/A       52%         2
 Poisonous Vapours        Pois/Air       0%         N/A       52%         2
 Call Canine Familiar     Summ           0%         N/A       77%         3
 Summon Guardian Golem    Hex/Summ       0%         N/A       77%         3
 Olgreb's Toxic Radiance  Pois           0%         N/A       99%         4
 Conjure Ball Lightning   Conj/Air       0%         3x3d6     100%        6
 Discord                  Hex            0%         N/A       100%        8
 Disjunction              Tloc           0%         N/A       100%        8


Dungeon Overview and Level Annotations

Branches:
Dungeon (10/15)            Temple (0/1) D:7            Lair (0/6) D:9
  Sewer (visited)          Bailey (visited)
    Orc: D:9-12

Altars:
Ashenzari
Gozag
Hepliaklqana
Nemelex Xobeh
Trog
Uskayaw
Vehumet
Yredelemnul

Shops:
D:2 [

Annotations:
D:10 Spaninq's ghost, journeyman FeBe


Innate Abilities, Weirdness & Mutations

You are amphibious.
You cover ground slowly.
You can hop short distances.
You have an extended range of vision and can be seen from far away.


Message History

You are too injured to fight recklessly!
You are too injured to fight recklessly!
You miss Spaninq's ghost.
Spaninq's ghost is lightly damaged.
You barely miss Spaninq's ghost.
Spaninq's ghost is lightly damaged.
Spaninq's ghost barely misses you.
You closely miss Spaninq's ghost.
Spaninq's ghost is lightly damaged.
You hit Spaninq's ghost.
Spaninq's ghost is moderately damaged.
Spaninq's ghost hits you!
You miss Spaninq's ghost.
Spaninq's ghost is moderately damaged.
You miss Spaninq's ghost.
Spaninq's ghost is moderately damaged.
Spaninq's ghost hits you!!!
* * * LOW HITPOINT WARNING * * *
You miss Spaninq's ghost.
Spaninq's ghost is moderately damaged.
You closely miss Spaninq's ghost.
Spaninq's ghost is moderately damaged.
Spaninq's ghost hits you!
* * * LOW HITPOINT WARNING * * *
You miss Spaninq's ghost.
Spaninq's ghost is lightly damaged.
You miss Spaninq's ghost.
Spaninq's ghost is lightly damaged.
Spaninq's ghost barely misses you.
You barely miss Spaninq's ghost.
Spaninq's ghost is lightly damaged.
You closely miss Spaninq's ghost.
Spaninq's ghost is lightly damaged.
Spaninq's ghost hits you but does no damage.
You barely miss Spaninq's ghost.
Spaninq's ghost is lightly damaged.
You miss Spaninq's ghost.
Spaninq's ghost is lightly damaged.
Spaninq's ghost hits you!!
You die...

#.........#
#...#####.# +###...#
#.# ####.##'...# #.#
###....###...# #.#
##.#.#### #...# #.#
#....'.$# #...# #.#
#._..'.$# #...#####.#
#...@W.$# #.........#
##.#.#############'##
# #....##........>#
####.##.........#
###'##.........#
#..............#
#..............#
#..............#
#################


You could see Spaninq's ghost.

Vanquished Creatures
  A two-headed ogre (D:8)
  Sigmund (D:2)
  A wraith (D:9)
  4 yaks (D:5)
  4 vampire mosquitoes
  Menkaure (D:5)
  3 wargs (D:8)
  2 steam dragons
  2 orc warriors
  An ice beast (D:8)
  A sky beast (D:5)
  A necrophage (D:6)
  A black bear (D:5)
  2 hornet zombies
  An ogre (D:5)
  3 centaurs
  3 kobold brigands (Sewer)
  9 gnoll sergeants
  A bullfrog (D:7)
  A wyvern zombie (D:8)
  6 scorpions
  3 water moccasin zombies
  9 wights (D:7)
  4 howler monkeys
  A bullfrog zombie (D:5)
  3 centaur zombies
  A jelly (D:5)
  An orc priest (D:6)
  4 hounds
  7 gnoll shamans
  An iguana (D:5)
  4 orc wizards
  A howler monkey zombie (D:8)
  31 gnolls
  7 river rats (Sewer)
  13 adders
  A white imp (D:5)
  2 worms
  A dart slug (D:3)
  26 orcs
  6 endoplasms
  4 giant cockroaches
  11 goblins
  9 hobgoblins
  3 jackals (D:2)
  17 kobolds
  3 quokkas
  9 ball pythons
  2 bats
  A frilled lizard (Sewer)
  23 rats
257 creatures vanquished.

Vanquished Creatures (others)
  A plant (D:9)
1 creature vanquished.

Grand Total: 258 creatures vanquished

Notes
Turn   | Place    | Note
-------+----------+-------------------------------------------
     0 | D:1      | KoroneIsBestGirl the Barachi Berserker began the quest for
                  | the Orb.
     0 | D:1      | Reached XP level 1. HP: 18/18 MP: 1/1
   145 | D:1      | Reached XP level 2. HP: 25/25 MP: 2/2
  1099 | D:2      | Noticed Sigmund
  1099 | D:2      | Found a faded altar of an unknown god.
  1164 | D:2      | Reached XP level 3. HP: 17/30 MP: 3/3
  1402 | D:2      | Reached ** piety under Trog
  1526 | D:2      | Found a bloodstained altar of Trog.
  1859 | D:2      | Found Xatom's Antique Armour Boutique.
  1862 | D:2      | Killed Sigmund
  1863 | D:2      | Reached XP level 4. HP: 38/38 MP: 4/4
  1863 | D:2      | Reached XP level 5. HP: 43/43 MP: 5/5
  1928 | D:3      | Reached skill level 5 in Long Blades
  2109 | D:3      | Reached skill level 5 in Fighting
  2109 | D:3      | Reached XP level 6. HP: 51/51 MP: 6/6
  2252 | D:3      | Found a glowing drain.
  2430 | Sewer    | Entered a sewer
  2837 | Sewer    | Reached *** piety under Trog
  2967 | Sewer    | Reached XP level 7. HP: 56/56 MP: 7/7
  3090 | Sewer    | Reached skill level 5 in Armour
  4502 | D:4      | Reached skill level 5 in Dodging
  5301 | D:5      | Entered Level 5 of the Dungeon
  5308 | D:5      | Reached XP level 8. HP: 65/65 MP: 8/8
  5983 | D:5      | Noticed a yak
  5986 | D:5      | Noticed a yak
  6001 | D:5      | Noticed a yak
  6003 | D:5      | Killed a yak
  6003 | D:5      | Noticed a yak
  6007 | D:5      | Killed a yak
  6012 | D:5      | Killed a yak
  6018 | D:5      | Killed a yak
  6018 | D:5      | Reached **** piety under Trog
  6019 | D:5      | Reached XP level 9. HP: 30/73 MP: 9/9
  6558 | D:5      | Noticed Menkaure
  6563 | D:5      | Killed Menkaure
  7626 | D:6      | Noticed a boulder beetle
  7786 | D:7      | Found a flagged portal.
  7861 | Bailey   | Entered a bailey
 10269 | Bailey   | Reached XP level 10. HP: 50/83 MP: 10/10
 12181 | D:7      | Found a hide-covered altar of Uskayaw.
 12301 | D:7      | Found a radiant altar of Vehumet.
 13124 | D:7      | Found a hazy altar of Hepliaklqana.
 13355 | D:7      | Found a staircase to the Ecumenical Temple.
 13377 | D:7      | Reached skill level 10 in Fighting
 13377 | D:7      | Reached skill level 10 in Long Blades
 14335 | D:8      | Found a sparkling altar of Nemelex Xobeh.
 14336 | D:8      | Found an opulent altar of Gozag.
 14369 | D:8      | Reached ***** piety under Trog
 14529 | D:8      | Identified the +4 halberd of Riedwitu {vorpal, rF+ MP+9
                  | Str+3}
 15164 | D:9      | Noticed a two-headed ogre
 15738 | D:8      | Reached skill level 10 in Armour
 15984 | D:8      | Killed a two-headed ogre
 16613 | D:9      | Found a staircase to the Lair.
 16690 | D:9      | Found a broken altar of Ashenzari.
 17081 | D:10     | Entered Level 10 of the Dungeon
 17081 | D:10     | Noticed a deep elf pyromancer
 17081 | D:10     | Noticed a kobold demonologist
 17178 | D:9      | Reached XP level 11. HP: 39/93 MP: 11/11
 17542 | D:10     | Found a runed translucent gate.
 17542 | D:10     | Found a runed translucent gate.
 17542 | D:10     | Found a runed translucent gate.
 17542 | D:10     | Noticed Spaninq's ghost (journeyman FeBe)
 17545 | D:10     | Found a basalt altar of Yredelemnul.
 17589 | D:10     | HP: 3/139 [Spaninq's ghost (14)]
 17595 | D:10     | Demolished by Spaninq's ghost

Illustrated notes

Levels and vault maps discovered:
D:1:      dpeg_arrival_castle, layout_loops_ring
D:2:      layout_rooms, serial_shops, nicolae_lakefront_shop, basic_altar,
          basic_ecumenical_altar, serial_rivers, chequers_serial_rivers_micro_a,
          chequers_serial_rivers_room_b, chequers_serial_rivers_marsh,
          chequers_serial_rivers_room_a, chequers_serial_rivers_small_3,
          uniq_sigmund
D:3:      layout_basic, portal_sewer_entry_d, hangedman_decor_slide_cut,
          serial_park_tiny_pond
D:4:      layout_basic, st_stairs_9, serial_park_tiny_1,
          minmay_misc_feat_encased
D:5:      layout_loops_ring, uniq_menkaure
D:6:      minmay_inner_zag, layout_cave_pools
D:7:      layout_loops_ring, eat_drink_and_be_merry_uskayaw, lemuel_tele_altar,
          vehumet_crystals, minmay_temple_entry_ruins, enter_bailey_4
D:8:      layout_basic, grunt_temple_overflow_opulence
D:9:      layout_rooms, cheibrodos_ashenzari_chains, erik_lair_orcish_takeover,
          minmay_misc_feat_columns, serial_bayou_lagoon_a
D:10:     layout_stronghold, nicolae_yredelemnul_ghost_church

Skill      XL: |  1  2  3  4  5  6  7  8  9 10 |
---------------+-------------------------------+-----
Long Blades    | 4 5 6 7 9 11 | 11.3
Fighting       | 4 5 6 7 9 11 | 11.3
Armour         | 4 5 7 8 10 | 10.0
Dodging        | 3 4 5 6 7 8 |  8.6

Action                   |  1- 3 |  4- 6 |  7- 9 | 10-12 || total
-------------------------+-------+-------+-------+-------++-------
Melee: Falchion          |    95 |   143 |   630 |   483 ||  1351
Invok: Berserk           |     3 |     4 |    20 |    14 ||    41
 Abil: Hop               |       |       |     3 |     3 ||     6
  Use: Scroll            |       |       |    12 |       ||    12
       Potion            |       |       |     1 |       ||     1
 Stab: Sleeping          |       |       |     3 |       ||     3
Armor: Animal skin       |    15 |    60 |    66 |       ||   141
       Plate armour      |       |       |   224 |   114 ||   338
       Steam dragon scal |       |       |       |   109 ||   109
Dodge: Dodged            |    59 |   137 |   377 |   298 ||   871

Table legend: (Time is in decaauts)
 A = Elapsed time spent in this place.
 B = Non-inter-level travel time spent in this place.
 C = Inter-level travel time spent in this place.
 D = Time resting spent in this place.
 E = Time spent auto-exploring this place.
 F = Levels seen in this place.
 G = Mean time per level.
                   A        B        C        D        E       F      G
               +--------+--------+--------+--------+--------+-----+--------+
         Total |  19106 |  18430 |    676 |   5880 |   9326 |  12 | 1592.2 |
       Dungeon |  13504 |  12828 |    676 |   3188 |   7979 |  10 | 1350.4 |
         Sewer |   1215 |   1215 |      0 |    141 |    821 |   1 | 1215.0 |
        Bailey |   4387 |   4387 |      0 |   2550 |    525 |   1 | 4387.0 |
               +--------+--------+--------+--------+--------+-----+--------+

Top non-repeatable levels by time:
  Bailey: 4387 daAuts
     D:8: 2770 daAuts
     D:5: 2197 daAuts
     D:7: 1686 daAuts
     D:4: 1492 daAuts
     D:1: 1279 daAuts
     D:9: 1229 daAuts
   Sewer: 1215 daAuts
     D:3: 1097 daAuts
     D:2: 880 daAuts
     D:6: 676 daAuts
    D:10: 193 daAuts
